 Dungeon Crawl Stone Soup version 0.32-a0-898-g7811c86cf0 (webtiles) character file.

Game seed: 11095200905232833141

850 Heh the Slasher (level 8, -16/64 HPs)
             Began as a Coglin Monk on Apr 5, 2024.
             Was a Believer of Beogh.
             Demolished by an ogre
             ... wielding a +0 giant club
              (51 damage)
             ... on level 5 of the Dungeon.
             The game lasted 00:06:54 (4091 turns).

Heh the Slasher (Coglin Monk)                       Turns: 4091, Time: 00:06:56

Health: -16/64     AC:  9    Str: 11    XL:     8   Next: 1%
Magic:  8/8        EV: 10    Int: 11    God:    Beogh [**....]
Gold:   270        SH:  0    Dex: 18    Spells: 7/7 levels left

rFire   . . .        a - +0 falchion {Hans}
rCold   . . .        r - +1 dagger (chaos) {Soledad}
rNeg    . . .        i - +0 ring mail
rPois   .            f - +2 helmet {SInv}
rElec   .            m - +0 cloak
rCorr   .            (no gloves)
SInv    +            (no boots)
Will    .....        (amulet unavailable)
Stlth   +            (ring unavailable)
HPRegen 0.30/turn    (ring unavailable)
MPRegen 0.11/turn    (no gizmo)

%: no passive effects
@: revved
A: off-hand wielding, slow wielding, warmup strikes, no jewellery
a: Invent Gizmo, Renounce Religion, Smiting


You were on level 5 of the Dungeon.
You worshipped Beogh.
Beogh was pleased with you.
You visited 2 branches of the dungeon, and saw 6 of its levels.

You collected 270 gold pieces.

Inventory:

Hand Weapons
 a - a +0 falchion (weapon) {Hans}
 j - a +0 short sword {Latda}
 r - a +1 dagger of chaos (offhand) {Soledad}
Missiles
 t - a throwing net (quivered)
Armour
 b - a +0 robe
 d - an orb of light
 f - a +2 helmet of see invisible (worn)
 g - a +2 buckler
 h - a +0 chain mail
 i - a +0 ring mail (worn)
 k - a +0 scale mail
 l - a +0 cloak
 m - a +0 cloak (worn)
Scrolls
 n - a scroll of summoning
 o - 2 scrolls of teleportation
 q - a scroll of enchant armour
 v - a scroll of torment {unknown}
Potions
 c - a potion of ambrosia
 e - 2 potions of curing
 s - a potion of brilliance {unknown}
 u - a potion of invisibility
 w - a potion of cancellation {unknown}


   Skills:
 + Level 5.7 Fighting
 + Level 7.8 Long Blades
 - Level 2.6 Dodging


You had 7 spell levels left.
You didn't know any spells.
Your spell library contained the following spells:

 Spells                   Type           Power      Damage    Failure   Level
 Chain Lightning          Conj/Air       0%         N/A       100%        9
 Fire Storm               Conj/Fire      0%         5d1       100%        9
 Shatter                  Erth           0%         3d5*      100%        9


Dungeon Overview and Level Annotations

Branches:
Dungeon (5/15)             Temple (1/1) D:4

Altars:
Ashenzari
Cheibriados
Elyvilon
Fedhas
Gozag
Makhleb
Nemelex Xobeh
Qazlal
Sif Muna
Trog
Vehumet
Wu Jian
Xom
Yredelemnul

Annotations:
Temple 2 transporters


Innate Abilities, Weirdness & Mutations

Your facial features look somewhat orcish.
You can wield a second weapon in your off-hand.
It takes a long time for you to wield or remove held weapons.
Your first few attacks do less damage.
You cannot equip rings or amulets.


Message History

You barely miss the adder with your +1 dagger of chaos.
The adder barely misses you.
An ogre comes into view. It is wielding a +0 giant club.
The ogre shouts!
You hit the adder with your +1 dagger of chaos.
Lightning courses through the adder!
You kill the adder!
Beogh accepts your kill.
Things that are here:
a +0 giant club; an adder corpse; an ogre corpse
Found a book of Displacement.
Found a scroll labelled NABRIVEBOO and 8 stones.
You hit the ogre with your +1 dagger of chaos.
The ogre is duplicated!
The ogre is lightly wounded.
You slash the ogre with your +0 falchion!
The ogre hits you with a +0 giant club. The ogre misses you.
You barely miss the ogre with your +1 dagger of chaos.
The ogre is heavily wounded.
You hit the ogre with your +0 falchion. The ogre hits you with a +0 giant club!
The ogre closely misses you.
You slash the ogre with your +0 falchion!
The ogre is severely wounded.
You hit the ogre with your +1 dagger of chaos.
You slash the ogre with your +0 falchion!
You kill the ogre!
Beogh accepts your kill. The ogre closely misses you.
You have reached level 8!
You feel clever.
You hit the ogre with your +0 falchion.
The ogre is moderately wounded.
You hit the ogre but do no damage.
You slash the ogre with your +0 falchion!
The ogre is heavily wounded.
You hit the ogre with your +1 dagger of chaos.
The ogre seems to grow stronger.
The ogre hits you with a +0 giant club!!!
Ouch! That really hurt!
You die...

.......?(# ....:.....
.#####.........
...............
.................
.......................
#..............).......
#>..#.........@O.#
.............#...## #
##....#.....##)#..### #
#..#....##..........#
###......###............
.##.#.....##...........#
..#.##................##
..#......#............#
.....##...............#


You could see an ogre (strong).

Vanquished Creatures
  Menkaure (D:4)
  2 ogres (D:5)
  A phantom (D:4)
  A gnoll sergeant (D:3)
  A crimson imp (D:4)
  A bombardier beetle (D:4)
  A hound (D:5)
  A gnoll bouda (D:4)
  An iguana (D:5)
  7 gnolls
  10 adders
  6 dart slugs
  2 ribbon worms (D:2)
  6 orcs
  8 ball pythons
  5 endoplasms
  4 giant cockroaches
  12 goblins
  14 hobgoblins
  5 jackals (D:1)
  5 kobolds
  2 quokkas
  7 bats
  11 frilled lizards
  5 rats
119 creatures vanquished.

Notes
Turn   | Place    | Note
-------+----------+-------------------------------------------
     0 | D:1      | Heh the Coglin Monk began the quest for the Orb.
     0 | D:1      | Reached XP level 1. HP: 18/18 MP: 1/1
   133 | D:1      | Reached XP level 2. HP: 22/24 MP: 2/2
   306 | D:1      | Reached skill level 4 in Long Blades
   308 | D:1      | Reached XP level 3. HP: 14/29 MP: 3/3
  1022 | D:2      | Reached XP level 4. HP: 35/35 MP: 4/4
  1125 | D:2      | Reached skill level 5 in Long Blades
  2077 | D:3      | Noticed a gnoll sergeant
  2092 | D:3      | Killed a gnoll sergeant
  2093 | D:3      | Reached skill level 6 in Long Blades
  2093 | D:3      | Reached XP level 5. HP: 9/41 MP: 5/5
  2230 | D:3      | Found a basalt altar of Yredelemnul.
  2531 | D:3      | Reached XP level 6. HP: 44/47 MP: 6/6
  3017 | D:4      | Noticed Menkaure
  3026 | D:4      | Killed Menkaure
  3267 | D:4      | Reached skill level 7 in Long Blades
  3267 | D:4      | Reached XP level 7. HP: 52/55 MP: 7/7
  3322 | D:4      | Found a burning altar of Makhleb.
  3323 | D:4      | Found a shimmering altar of Xom.
  3520 | D:4      | Reached skill level 5 in Fighting
  3873 | D:4      | Found a staircase to the Ecumenical Temple.
  3890 | Temple   | Found a transporter.
  3890 | Temple   | Found a transporter.
  3890 | Temple   | Found a transporter.
  3890 | Temple   | Found a transporter.
  3890 | Temple   | Entered the Ecumenical Temple
  3932 | D:5      | Entered Level 5 of the Dungeon
  3945 | D:5      | Became a worshipper of Beogh the Shepherd
  3945 | D:5      | Reached * piety under Beogh
  3945 | D:5      | Reached ** piety under Beogh
  4090 | D:5      | Reached XP level 8. HP: 35/64 MP: 8/8
  4091 | D:5      | Demolished by an ogre

Illustrated notes

Levels and vault maps discovered:
D:1:      heliophobic_arrival_ceremonial_halls, layout_basic,
          hangedman_decor_points, hangedman_feature_mirror, minmay_lizard_pond
D:2:      layout_basic
D:3:      cheibrodos_greedy_goblins, layout_basic, mainiacjoe_overflow_alcove_4
D:4:      layout_layer_cave, grunt_temple_overflow_champion_of_chaos,
          minmay_temple_entry_hall, minmay_starry_boxes, uniq_menkaure
D:5:      layout_rooms, riverfiend_overflow_shadow_ancestor
Temple:   hellmonk_temple_divided_pantheon

Skill      XL: |  1  2  3  4  5  6  7 |
---------------+----------------------+-----
Long Blades    | 4 6 7 |  7.8
Fighting       | 4 5 |  5.7
Dodging        | |  2.6

Action                     |  1- 3 |  4- 6 |  7- 9 || total
---------------------------+-------+-------+-------++-------
  Melee: Falchion          |    96 |   143 |    72 ||   311
         Short sword       |       |    97 |     7 ||   104
         Dagger            |       |       |    62 ||    62
 Invoke: Convert to Beogh  |       |       |     1 ||     1
    Use: Potion            |       |     5 |     3 ||     8
         Scroll            |       |     2 |     1 ||     3
   Stab: Sleeping          |     1 |       |       ||     1
         Invisible         |       |     5 |       ||     5
         Paralysed         |       |       |     3 ||     3
 Armour: Robe              |    63 |    22 |       ||    85
         Chain mail        |       |    26 |       ||    26
         Scale mail        |       |    18 |       ||    18
         Ring mail         |       |    27 |    66 ||    93
  Dodge: Dodged            |    87 |    78 |    43 ||   208

Table legend: (Time is in decaauts)
 A = Elapsed time spent in this place.
 B = Non-inter-level travel time spent in this place.
 C = Inter-level travel time spent in this place.
 D = Time resting spent in this place.
 E = Time spent auto-exploring this place.
 F = Levels seen in this place.
 G = Mean time per level.
                   A        B        C        D        E       F      G
               +--------+--------+--------+--------+--------+-----+--------+
         Total |   4083 |   3845 |    238 |      0 |   2969 |   6 |  680.5 |
       Dungeon |   4057 |   3832 |    225 |      0 |   2969 |   5 |  811.4 |
        Temple |     25 |     12 |     13 |      0 |      0 |   1 |   25.0 |
               +--------+--------+--------+--------+--------+-----+--------+

Top non-repeatable levels by time:
     D:2: 1086 daAuts
     D:1: 982 daAuts
     D:3: 952 daAuts
     D:4: 880 daAuts
     D:5: 155 daAuts
  Temple: 25 daAuts
